 Dungeon Crawl Stone Soup version 0.29.0-15-g675c0067aa (webtiles) character file.

Game seed: 12294639113883902422

0 qw the Sneak (level 1, -8/14 HPs)
             Began as a Gargoyle Delver on Sept 11, 2022.
             Mangled by an iguana (11 damage)
             ... on level 5 of the Dungeon.
             The game lasted 00:00:02 (64 turns).

qw the Sneak (Gargoyle Delver)                        Turns: 64, Time: 00:00:02

Health: -8/14      AC:  5    Str: 15    XL:     1   Next: 0%
Magic:  1/1        EV: 11    Int: 10    God:
Gold:   0          SH:  0    Dex: 11    Spells: 0/0 levels left

rFire   . . .      SeeInvis .   a - +0 hand axe
rCold   . . .      Faith    .   (no shield)
rNeg    + . .      Spirit   .   b - +0 leather armour
rPois   inf        Reflect  .   (no helmet)
rElec   +          Harm     .   (no cloak)
rCorr   .          Rampage  .   (no gloves)
Will    .....                   (no boots)
Stlth   +++.......              (no amulet)
HPRegen 0.04/turn               (no ring)
MPRegen 0.07/turn               (no ring)

@: no status effects
A: sickness immunity, AC +2, negative energy resistance 1, electricity
resistance, torment resistance 1, petrification resistance
a: no special abilities


You were on level 5 of the Dungeon.
You visited 1 branch of the dungeon, and saw 1 of its levels.


Innate Abilities, Weirdness & Mutations

You are immune to sickness and miasma.
Your stone body is resilient. (AC +2)
You are immune to poison.
You resist negative energy. (rN+)
You are resistant to electric shocks. (rElec)
You are resistant to unholy torment.
You are immune to petrification.


   Skills:
 - Level 3.2 Fighting
 + Level 1.7 Axes
 - Level 1.5 Dodging
 - Level 5.4 Stealth


You couldn't memorise any spells.
You didn't know any spells.
Your spell library was empty.

Inventory:

Hand Weapons
 a - a +0 hand axe (weapon)
Armour
 b - a +0 leather armour (worn)
Wands
 g - a wand of digging (3)
Potions
 f - a potion of haste

Dungeon Overview and Level Annotations

Branches:
Dungeon (5/15)             Temple (0/1) D:5

Altars:


Message History

You hit the iguana.
The iguana is lightly wounded.
You hit the plant. The iguana barely misses you.
You barely miss the iguana.
The iguana is lightly wounded.
You hit the plant.
A nearby plant withers and dies.
The iguana bites you.
You hit the iguana but do no damage.
The iguana is lightly wounded.
The iguana barely misses you. x2
You hit the iguana but do no damage.
The iguana is lightly wounded.
The iguana barely misses you.
You barely miss the iguana.
The iguana is lightly wounded.
The iguana bites you.
You hit the iguana.
The iguana is moderately wounded.
The iguana closely misses you.
You hit the iguana. You punch the iguana, but do no damage.
The iguana is heavily wounded.
The iguana bites you.
You hit the iguana.
The iguana is heavily wounded.
The iguana barely misses you. The iguana closely misses you.
You hit the iguana.
The iguana is severely wounded.
The iguana bites you but does no damage.
You hit the iguana.
The iguana is severely wounded.
The iguana barely misses you.
You hit the iguana.
The iguana is almost dead.
The iguana bites you but does no damage.
You hit the iguana but do no damage.
The iguana is almost dead.
The iguana bites you!
Ouch! That really hurt!
You die...

...... ......
### ...... #..
...$..# ..
..?.... .#
..PPP.. ##.#
...P>.l###..#
..P....@...###
.#...P.....?.#
...#>#######.#
# .....#####.#
#.#. #.....#.#
#
#..#.>...#.###
#..#.....#.#..
#..........#.#
#......#####.#
##..


You could see an iguana.

Vanquished Creatures (others)
  A plant (D:5)
1 creature vanquished.

Notes
Turn   | Place    | Note
-------+----------+-------------------------------------------
     0 | D:5      | qw the Gargoyle Delver began the quest for the Orb.
     0 | D:5      | Reached XP level 1. HP: 14/14 MP: 1/1
     0 | D:5      | 0 ||| qw: Version: 0.1-a-117-gfe26ee0
     0 | D:5      | 0 ||| qw: Game counter: 9856
     0 | D:5      | 0 ||| qw: Always use a shield: true
     0 | D:5      | 0 ||| qw: God list: Okawaru
     0 | D:5      | 0 ||| qw: Allow faded altars: false
     0 | D:5      | 0 ||| qw: Do Orc after D:15 true
     0 | D:5      | 0 ||| qw: Do second Lair branch before Depths: true
     0 | D:5      | 0 ||| qw: Lair rune preference: random
     0 | D:5      | 0 ||| qw: Plans: Normal
     0 | D:5      | 0 ||| PLANNING D:1-11
    40 | D:5      | Found a staircase to the Ecumenical Temple.
    41 | D:5      | 41 ||| PLANNING TEMPLE
    41 | D:5      | 41 ||| DROPPING scroll of fog.
    42 | D:5      | 42 ||| DROPPING scroll of magic mapping.
    43 | D:5      | 43 ||| DROPPING scroll of fear.
    47 | D:5      | Noticed an iguana
    59 | D:5      | HP: 3/14 [iguana (3)]
    64 | D:5      | Mangled by an iguana

Levels and vault maps discovered:
D:5:      layout_basic, mainiacjoe_overflow_paths,
          minmay_temple_entry_overgrown, minmay_tree_intersection,
          minmay_fractal_squares_diagonal_5

Action                   || total
-------------------------++-------
Melee: Hand axe          ||    14
       Punch             ||     1
Armor: Leather armour    ||     2
Dodge: Dodged            ||     9

Table legend:
 A = Non-vault XP
 B = Vault XP
 C = Vault XP percentage of total XP
 D = Non-vault monster count
 E = Vault monster count
 F = Vault count percentage of total count
                 A         B        C        D         E       F
            +---------+---------+-------+---------+---------+-------
      Total |       0 |       0 |   N/A |       0 |       0 |  -nan
            +---------+---------+-------+---------+---------+-------
            +---------+---------+-------+---------+---------+-------
